 Dungeon Crawl Stone Soup version 0.31-a0-692-gf03d1854d5 (webtiles) character file.

Game seed: 8332263325501580245

249 qw the Shooter (level 6, -2/37 HPs)
             Began as a Gargoyle Hunter on Sept 6, 2023.
             Slain by a gnoll
             ... wielding a +0 halberd
              (6 damage)
             ... on level 4 of the Dungeon.
             The game lasted 00:00:57 (2082 turns).

qw the Shooter (Gargoyle Hunter)                    Turns: 2082, Time: 00:00:57

Health: -2/37      AC: 11    Str: 15    XL:     6   Next: 12%
Magic:  6/6        EV: 11    Int:  9    God:
Gold:   173        SH:  0    Dex: 15    Spells: 5/5 levels left

rFire   . . .        Y - +0 shortbow
rCold   + . .        (shield currently unavailable)
rNeg    + . .        b - +0 ring mail
rPois   inf          (no helmet)
rElec   +            (no cloak)
rCorr   .            h - +0 pair of gloves
SInv    .            (no boots)
Will    .....        (no amulet)
Stlth   +            f - ring of protection from cold
HPRegen 0.26/turn    (no ring)
MPRegen 0.10/turn

%: no passive effects
@: no status effects
A: sickness immunity, AC +4, negative energy resistance 1, electricity
resistance, torment resistance 1, petrification resistance
a: no special abilities


You were on level 4 of the Dungeon.
You visited 1 branch of the dungeon, and saw 4 of its levels.

You collected 173 gold pieces.


Innate Abilities, Weirdness & Mutations

You are immune to sickness and miasma.
Your stone body is resilient. (AC +4)
You are immune to poison.
You resist negative energy. (rN+)
You are resistant to electric shocks. (rElec)
You are resistant to unholy torment.
You are immune to petrification.


   Skills:
 + Level 3.3 Fighting
 - Level 6.2 Ranged Weapons
 - Level 2.7 Armour
 - Level 1.5 Dodging
 - Level 1.1 Stealth


You had 5 spell levels left.
You didn't know any spells.
Your spell library was empty.

Inventory:

Hand Weapons
 Y - a +0 shortbow (weapon)
Armour
 b - a +0 ring mail (worn)
 h - a +0 pair of gloves (worn)
Jewellery
 f - a ring of protection from cold (left hand)
Scrolls
 e - a scroll of identify
Potions
 a - a potion of brilliance {unknown}
 d - a potion of mutation {unknown}
 g - a potion of heal wounds {unknown}
 i - a potion of curing
 l - a potion of invisibility {unknown}
 m - a potion of haste {unknown}
 n - a potion of cancellation {unknown}
 o - a potion of lignification {unknown}

Dungeon Overview and Level Annotations

Branches:
Dungeon (4/15)
 Temple: D:4-7

Altars:

Shops:
D:1 ((!


Message History

The orc hits you but does no damage.
You shoot an arrow. The arrow barely misses the orc.
The orc shouts!
The gnoll shouts!
The orc hits you but does no damage. The gnoll hits you but does no damage.
The orc closely misses you.
You shoot an arrow. The arrow hits the gnoll.
The gnoll is moderately wounded.
The orc hits you but does no damage. The gnoll hits you but does no damage.
The orc closely misses you. The gnoll hits you but does no damage.
The orc closely misses you. The gnoll hits you but does no damage.
The orc closely misses you.
The gnoll hits you with a +0 antimagic flail.
You shoot an arrow. The arrow barely misses the gnoll.
The orc barely misses you. The gnoll hits you but does no damage.
The gnoll hits you from afar with a +0 halberd.
The gnoll barely misses you. The orc barely misses you.
You shoot an arrow. The arrow hits the gnoll.
The gnoll is moderately wounded.
The gnoll hits you from afar with a +0 halberd.
The gnoll barely misses you. The orc misses you.
You shoot an arrow.
The arrow hits the gnoll but does no damage.
The gnoll is moderately wounded.
The orc hits you but does no damage. The gnoll completely misses you.
The gnoll closely misses you. x2; The orc hits you but does no damage.
The gnoll hits you but does no damage. The orc closely misses you.
You shoot an arrow. The arrow hits the gnoll.
The gnoll is heavily wounded.
The orc hits you but does no damage.
The gnoll hits you from afar with a +0 halberd. x2
The orc closely misses you.
The gnoll hits you with a +0 antimagic flail.
The orc closely misses you.
You shoot an arrow. The arrow barely misses the gnoll.
The orc hits you but does no damage. The gnoll closely misses you.
The gnoll hits you but does no damage. The orc hits you but does no damage.
The gnoll hits you but does no damage. The orc closely misses you.
The gnoll barely misses you. The orc barely misses you. x2
The gnoll hits you from afar with a +0 halberd.
You die...

#. #........
#...##........ ..
##...##........
...#8...8#.%......
.........##...##........
........................
................oo......
................@og.....
...........^....gg.)....
...........##.##..g.....
..........##..###.......
..................###..>
........#####....## ..
......### ##...# .
..##..### #...#
#.......######...#


You could see 4 gnolls and 3 orcs.

Vanquished Creatures
  An ice beast (D:3)
  A scorpion (D:3)
  4 adders (D:2)
  A worm (D:2)
  An orc (D:4)
  3 ball pythons
  4 endoplasms
  4 giant cockroaches
  4 goblins
  7 hobgoblins
  6 jackals
  3 kobolds
  6 quokkas
  5 bats
  2 frilled lizards
  4 rats
56 creatures vanquished.

Notes
Turn   | Place    | Note
-------+----------+-------------------------------------------
     0 | D:1      | qw the Gargoyle Hunter began the quest for the Orb.
     0 | D:1      | Reached XP level 1. HP: 12/12 MP: 1/1
     0 | D:1      | 0 ||| qw: Version: 0.3-a-76-g4403597
     0 | D:1      | 0 ||| qw: Game counter: 68
     0 | D:1      | 0 ||| qw: Melee chars always use a shield: true
     0 | D:1      | 0 ||| qw: God list: Okawaru
     0 | D:1      | 0 ||| qw: Allow faded altars: false
     0 | D:1      | 0 ||| qw: Do Orc after clearing Dungeon:15 true
     0 | D:1      | 0 ||| qw: Do second Lair branch before Depths: true
     0 | D:1      | 0 ||| qw: Lair rune preference: random
     0 | D:1      | 0 ||| qw: Goals: Normal
     0 | D:1      | 0 ||| PLANNING D:1-11
    42 | D:1      | HP: 2/12 [jackal (3)]
    46 | D:1      | Reached XP level 2. HP: 3/17 MP: 2/2
   209 | D:1      | Found Xowni's Distillery.
   217 | D:1      | 217 ||| SHOPLISTING potion of curing (33 gold, have 7).
   217 | D:1      | 217 ||| SHOPLISTING potion of heal wounds (55 gold, have
                  | 7).
   316 | D:1      | Found Ziwkufueh's Weapon Shoppe.
   325 | D:1      | 325 ||| SHOPLISTING +3 heavy orcbow (256 gold, have 7).
   360 | D:1      | Found Syzymufa's Weapon Emporium.
   369 | D:1      | Reached XP level 3. HP: 21/21 MP: 3/3
   373 | D:1      | Reached skill level 5 in Ranged Weapons
   384 | D:1      | 384 ||| SHOPLISTING +5 shortbow (330 gold, have 24).
   459 | D:1      | 459 ||| UPGRADING to ring of protection from cold.
   460 | D:1      | 460 ||| READING 2 scrolls labelled LEYKHL DYNAIDOR.
   461 | D:1      | 461 ||| READING 2 scrolls labelled WUISUVE HAPSE.
   462 | D:1      | 462 ||| DROPPING scroll of revelation.
   463 | D:1      | 463 ||| DROPPING scroll of butterflies.
   617 | D:2      | Identified the +5 mace of Responsibility {venom, rC+ Int+2
                  | SInv}
   719 | D:2      | Reached skill level 3 in Fighting
   719 | D:2      | Reached XP level 4. HP: 28/28 MP: 4/4
  1249 | D:2      | 1249 ||| UPGRADING to +0 ring mail.
  1259 | D:2      | 1259 ||| DROPPING +0 leather armour.
  1260 | D:2      | 1260 ||| UPGRADING to +0 pair of gloves.
  1265 | D:2      | 1265 ||| READING 2 scrolls labelled PIRE UXZIFILEA.
  1284 | D:2      | 1284 ||| READING scroll labelled YLEKU JUUM.
  1285 | D:2      | 1285 ||| READING scroll labelled KOEM WEELYNK.
  1286 | D:2      | 1286 ||| DROPPING scroll of torment.
  1361 | D:3      | Noticed a scorpion
  1362 | D:3      | 1362 ||| Stepping ~*~*~tactically~*~*~ (water).
  1378 | D:3      | Killed a scorpion
  1379 | D:3      | Reached XP level 5. HP: 19/32 MP: 5/5
  1488 | D:3      | Identified the +5 dagger of Ireikoe {speed, rF+ Stlth+}
  1686 | D:3      | Noticed an ice beast
  1704 | D:3      | Killed an ice beast
  1705 | D:3      | Reached skill level 6 in Ranged Weapons
  1705 | D:3      | Reached XP level 6. HP: 26/37 MP: 6/6
  1989 | D:3      | 1989 ||| READING scroll labelled BOETUCU YQIO.
  1990 | D:3      | 1990 ||| READING scroll labelled LOPSARYKLU.
  1991 | D:3      | 1991 ||| DRINKING 2 lumpy pink potions.
  2081 | D:4      | HP: 9/37 [gnoll/+0 halberd (6)]
  2081 | D:4      | HP: 3/37 [gnoll/+0 antimagic flail (3)]
  2082 | D:4      | Slain by a gnoll

Levels and vault maps discovered:
D:1:      wander_arrival_peaceful_grave, layout_rooms, serial_shops, shop,
          nicolae_square_shop, shop
D:2:      layout_rooms, serial_forest, infiniplex_forest_lined_2,
          infiniplex_forest_clump_tiny, infiniplex_forest_pool,
          infiniplex_forest_straight_2, infiniplex_forest_lined_room_,
          infiniplex_forest_clump_small, infiniplex_forest_corner_1,
          infiniplex_forest_3_way, chequers_serial_rivers_small_3,
          supply_closet_lemuel, kennysheep_cluttered_room, dk_vineyard_1,
          kennysheep_generic_room_14
D:3:      layout_loops_ring, nrook_mini_backslash, minmay_gold_behind_fungi,
          serial_bayou_ford_a
D:4:      layout_layer_cave, minmay_temple_entry_wispy, serial_shops,
          nicolae_stop_n_shop_2, corexii_hall_statues_l

Skill      XL: |  1  2  3  4  5 |
---------------+----------------+-----
Ranged Weapons | 5 6 |  6.2
Fighting       | 3 |  3.3
Armour         | 2 |  2.7
Dodging        | |  1.5
Stealth        | |  1.1

Action                     |  1- 3 |  4- 6 || total
---------------------------+-------+-------++-------
   Fire: Shortbow          |   105 |   137 ||   242
    Use: Scroll            |     2 |     5 ||     7
         Potion            |       |     1 ||     1
 Armour: Leather armour    |    54 |    21 ||    75
         Ring mail         |       |    75 ||    75
  Dodge: Dodged            |    45 |    89 ||   134

Table legend:
 A = Non-vault XP
 B = Vault XP
 C = Vault XP percentage of total XP
 D = Non-vault monster count
 E = Vault monster count
 F = Vault count percentage of total count
                 A         B        C        D         E       F
            +---------+---------+-------+---------+---------+-------
      Total |     357 |       0 |   0.0 |      56 |       0 |   0.0
            +---------+---------+-------+---------+---------+-------
        D:1 |      47 |       0 |   0.0 |      26 |       0 |   0.0
        D:2 |      74 |       0 |   0.0 |      14 |       0 |   0.0
        D:3 |     231 |       0 |   0.0 |      14 |       0 |   0.0
        D:4 |       5 |       0 |   0.0 |       2 |       0 |   0.0
            +---------+---------+-------+---------+---------+-------
